 Dungeon Crawl Stone Soup version 0.29.0-13-gc9e81de378 (webtiles) character file.

Game seed: 14145834731910547991

8099 Arum the Fighter (level 11, -13/96 HPs)
             Began as a Formicid Fighter on Sept 10, 2022.
             Was a High Priest of Okawaru.
             Mangled by a centaur warrior
             ... wielding the +7 mace of Traps {venom, rPois rC+}
              (17 damage)
             ... on level 7 of the Dungeon.
             The game lasted 00:12:51 (12007 turns).

Arum the Fighter (Formicid Fighter)                Turns: 12007, Time: 00:12:53

Health: -13/96     AC: 23    Str: 25    XL:     11   Next: 49%
Magic:  14/14      EV:  9    Int:  8    God:    Okawaru [*****.]
Gold:   545        SH:  6    Dex: 19    Spells: 10/10 levels left

rFire   . . .      SeeInvis +   a - +1 quarterstaff (protect)
rCold   . . .      Faith    .   c - +0 buckler
rNeg    . . .      Spirit   .   G - +4 scale mail {rPois}
rPois   +          Reflect  .   (helmet unavailable)
rElec   .          Harm     .   y - +0 cloak
rCorr   .          Rampage  .   (no gloves)
Will    +....                   (no boots)
Stlth   ..........              (no amulet)
HPRegen 0.26/turn               e - +6 ring of dexterity
MPRegen 0.14/turn               E - +4 ring of protection

@: under a protective aura
A: permanent stasis, dig shafts and tunnels, antennae 3, four strong arms
a: Dig, Shaft Self, Renounce Religion, Heroism, Finesse, Duel


You were on level 7 of the Dungeon.
You worshipped Okawaru.
Okawaru was extremely pleased with you.
You visited 2 branches of the dungeon, and saw 9 of its levels.

You collected 545 gold pieces.

Inventory:

Hand Weapons
 a - a +1 quarterstaff of protection (weapon)
Armour
 c - a +0 buckler (worn)
 k - a +0 kite shield
 y - a +0 cloak (worn)
 G - a +4 scale mail of poison resistance (worn)
Jewellery
 e - a +6 ring of dexterity (left hand)
 q - a +6 ring of dexterity
 B - a ring of poison resistance
 E - a +4 ring of protection (right hand)
Wands
 u - a wand of polymorph (4)
 H - a wand of flame (15)
Scrolls
 b - a scroll of fear
 f - 2 scrolls of noise
 g - a scroll of fog
 m - 2 scrolls of silence
 n - a scroll of enchant armour
 o - 2 scrolls of identify
 v - a scroll of immolation
Potions
 d - 3 potions of might
 h - 2 potions of magic
 i - a potion of ambrosia
 l - 2 potions of mutation
 t - 3 potions of attraction
 w - a potion of berserk rage
 z - 2 potions of flight
 C - 3 potions of heal wounds
 D - a potion of brilliance


   Skills:
 + Level 12.7 Fighting
 + Level 11.5 Staves
 + Level 5.8 Armour
 - Level 4.0 Shields
 + Level 5.0 Invocations


You had 10 spell levels left.
You didn't know any spells.
Your spell library contained the following spells:

 Spells                   Type           Power      Damage    Failure   Level
 Magic Dart               Conj           0%         1d3       75%         1
 Necrotise                Necr           0%         1d4       75%         1
 Scorch                   Fire           0%         2d5       87%         2
 Confusing Touch          Hex            0%         N/A       98%         3
 Lesser Beckoning         Tloc           0%         N/A       98%         3
 Mephitic Cloud           Conj/Pois/Air  0%         N/A       98%         3
 Vampiric Draining        Necr           0%         2d6       98%         3
 Flame Wave               Conj/Fire      0%         2d4       100%        4
 Agony                    Necr           0%         N/A       100%        5
 Manifold Assault         Tloc           0%         N/A       100%        5
 Yara's Violent Unravell  Hex/Tmut       0%         3d3       100%        5
 Enfeeble                 Hex            0%         N/A       100%        7
 Summon Small Mammal      Summ           Unusable   N/A       N/A         1
 Blink                    Tloc           Unusable   N/A       N/A         2
 Call Imp                 Summ           Unusable   N/A       N/A         2
 Call Canine Familiar     Summ           Unusable   N/A       N/A         3
 Summon Guardian Golem    Hex/Summ       Unusable   N/A       N/A         3
 Summon Cactus Giant      Summ           Unusable   N/A       N/A         6

Dungeon Overview and Level Annotations

Branches:
Dungeon (8/15)             Temple (1/1) D:6            Lair (0/5) D:8

Altars:
Ashenzari
Cheibriados
Dithmenos
Elyvilon
Fedhas
Gozag
Hepliaklqana
Kikubaaqudgha
Makhleb
Nemelex Xobeh
Okawaru
Qazlal
Ru
Sif Muna
Trog
Uskayaw
Vehumet
Wu Jian
Xom
Yredelemnul
Zin
The Shining One


Innate Abilities, Weirdness & Mutations

You cannot be hasted, slowed, berserked, paralysed or teleported.
You can dig through walls and to a lower floor.
You have a pair of large antennae on your head. (SInv)
Your four strong arms can wield two-handed weapons with a shield.


Message History

The centaur warrior kicks you but does no damage.
You barely miss the centaur warrior.
The centaur warrior is heavily wounded.
You feel very sick.
The centaur warrior hits you but does no damage.
The centaur warrior kicks you but does no damage.
Okay, then.
You feel very sick. You block the centaur warrior's attack.
The centaur warrior kicks you but does no damage.
The centaur warrior hits you with the +7 mace of Traps {venom, rPois rC+}!
The centaur warrior kicks you but does no damage.
You climb upwards.
You feel very sick.
There is a stone staircase leading down here.
You feel better.
The centaur warrior hits you with the +7 mace of Traps {venom, rPois rC+}!
* * * LOW HITPOINT WARNING * * *
The centaur warrior kicks you but does no damage.
You sock the centaur warrior!
Your weapon exudes an aura of protection.
The centaur warrior is severely wounded.
The centaur warrior hits you with the +7 mace of Traps {venom, rPois rC+}.
* * * LOW HITPOINT WARNING * * *
The centaur warrior kicks you but does no damage.
You closely miss the centaur warrior.
The centaur warrior is severely wounded.
You block the centaur warrior's attack. The centaur warrior kicks you.
* * * LOW HITPOINT WARNING * * *
You hit the centaur warrior.
The centaur warrior is severely wounded.
You block the centaur warrior's attack.
The centaur warrior kicks you but does no damage.
You sock the centaur warrior!
The centaur warrior is almost dead.
The centaur warrior hits you with the +7 mace of Traps {venom, rPois rC+}!
* * * LOW HITPOINT WARNING * * *
The centaur warrior kicks you but does no damage.
The centaur warrior hits you with the +7 mace of Traps {venom, rPois rC+}!
You die...

######### #.......# #######
#.#####.# #.....#
#.#####.#########.###.#
#....##.#...........#.#
#<.#.##.#.##.##.#.#.#รท#
#..#.........##.#.....#####
#.......#.#####c###.......#
##.######)#####@###.#####.#
##.## ##.......##...####.#
#...# #.......###.....##.#
#...# #.......# #...#.##.#
#...# #.......# ##.......#
##.## #.......# #..#.##.#
#.# #.......# ##.#..##.#
#.# #.......# #.###.##.#
#.# #.......# ##.#.###.#


You could see a centaur warrior.

Vanquished Creatures
  Pikel (D:7)
  A cane toad (shapeshifter) (D:8)
  2 komodo dragons (D:8)
  A kobold demonologist (D:6)
  A troll (D:7)
  A hornet (D:8)
  Sigmund (D:3)
  5 wyverns
  2 steam dragons (D:7)
  Grum (D:8)
  A warg (D:6)
  Menkaure (D:5)
  Duvessa (D:5)
  A water moccasin (D:8)
  An acid dragon (D:8)
  A black bear (D:5)
  3 ogres (D:6)
  4 orc warriors
  3 wolves (D:8)
  2 phantoms
  6 kobold brigands
  A bullfrog (D:8)
  2 gnoll sergeants (D:6)
  A scorpion (D:5)
  A necrophage (D:7)
  Dowan (D:5)
  5 wights (D:8)
  4 killer bees (D:8)
  11 howler monkeys (D:6)
  2 jellies
  10 orc priests
  A centaur skeleton (D:5)
  2 gnoll boudas
  10 hounds
  Jessica (D:3)
  3 iguanas
  12 orc wizards
  Natasha (twice) (D:4)
  13 gnolls
  10 adders
  2 shadow imps (D:7)
  2 ufetubi
  4 worms
  7 dart slugs
  27 orcs
  4 bats
  9 endoplasms
  2 giant cockroaches
  6 goblins
  6 hobgoblins
  3 quokkas
  10 ball pythons
  6 frilled lizards
  18 kobolds
  5 rats
243 creatures vanquished.

Vanquished Creatures (others)
  An orc wizard (D:4)
  A fungus (D:6)
  54 plants
56 creatures vanquished.

Grand Total: 299 creatures vanquished

Notes
Turn   | Place    | Note
-------+----------+-------------------------------------------
     0 | D:1      | Arum the Formicid Fighter began the quest for the Orb.
     0 | D:1      | Reached XP level 1. HP: 18/18 MP: 1/1
   365 | D:1      | Reached XP level 2. HP: 24/24 MP: 2/2
   905 | D:1      | Found a faded altar of an unknown god.
  1009 | D:2      | Reached XP level 3. HP: 30/30 MP: 3/3
  1109 | D:2      | Reached skill level 4 in Fighting
  1702 | D:2      | Reached XP level 4. HP: 37/37 MP: 4/4
  2258 | D:3      | Noticed Sigmund
  2265 | D:3      | Killed Sigmund
  2266 | D:3      | Reached skill level 5 in Fighting
  2266 | D:3      | Reached XP level 5. HP: 31/45 MP: 5/5
  2266 | D:3      | Reached XP level 6. HP: 36/51 MP: 6/6
  2367 | D:3      | Noticed Jessica
  2378 | D:3      | Killed Jessica
  3154 | D:4      | Reached skill level 6 in Fighting
  3154 | D:4      | Reached skill level 5 in Staves
  3154 | D:4      | Reached XP level 7. HP: 54/58 MP: 7/7
  3722 | D:4      | Noticed Natasha
  3729 | D:4      | Killed Natasha
  3929 | D:4      | Noticed Natasha
  3934 | D:4      | Killed Natasha
  4456 | D:5      | Entered Level 5 of the Dungeon
  4515 | D:5      | Noticed Duvessa
  4516 | D:5      | Noticed Dowan
  4530 | D:5      | Killed Duvessa
  4531 | D:5      | Reached skill level 7 in Fighting
  4531 | D:5      | Reached XP level 8. HP: 57/67 MP: 8/8
  4555 | D:5      | Killed Dowan
  4837 | D:5      | Found a transporter.
  4869 | D:5      | Found an ancient bone altar of Kikubaaqudgha.
  4873 | D:5      | Noticed Menkaure
  4879 | D:5      | Found a basalt altar of Yredelemnul.
  4882 | D:5      | Found a transporter.
  5171 | D:5      | Reached skill level 8 in Fighting
  5993 | D:6      | Found a staircase to the Ecumenical Temple.
  6002 | Temple   | Entered the Ecumenical Temple
  6182 | Temple   | Became a worshipper of Warmaster Okawaru
  6343 | D:5      | Killed Menkaure
  6344 | D:5      | Reached XP level 9. HP: 23/75 MP: 9/9
  6591 | D:5      | Identified the +1 chain mail of Irocog Dyacs {Dex+3}
  6882 | D:6      | Reached skill level 9 in Fighting
  7147 | D:6      | Reached * piety under Okawaru
  7898 | D:6      | Reached skill level 10 in Fighting
  7920 | D:6      | Reached ** piety under Okawaru
  8232 | D:6      | Noticed a kobold demonologist
  8235 | D:6      | Noticed a sun demon
  8248 | D:6      | You fall into a shaft and drop 1 floor!
  8471 | D:6      | Noticed a soul eater
  8490 | D:6      | Reached XP level 10. HP: 58/86 MP: 10/10
  8615 | D:6      | Killed a kobold demonologist
  8632 | D:6      | Reached skill level 11 in Fighting
  8666 | D:6      | Reached skill level 10 in Staves
  9280 | D:7      | Noticed Pikel
  9297 | D:7      | HP: 3/87 [Pikel/+2 whip of electrocution (11)]
  9303 | D:7      | Killed Pikel
  9303 | D:7      | Reached *** piety under Okawaru
 10073 | D:7      | Reached skill level 1 in Invocations
 10364 | D:7      | Reached skill level 12 in Fighting
 10511 | D:7      | Found a bloodstained altar of Trog.
 10595 | D:7      | Found an ornate altar of the Wu Jian Council.
 10600 | D:7      | Found a stormy altar of Qazlal.
 10603 | D:7      | Found a sparkling altar of Nemelex Xobeh.
 10690 | D:8      | Reached **** piety under Okawaru
 10890 | D:8      | Found a glowing silver altar of Zin.
 10891 | D:8      | Found a glowing golden altar of the Shining One.
 10896 | D:8      | Found a shadowy altar of Dithmenos.
 10964 | D:8      | Noticed Grum
 10970 | D:8      | Noticed a komodo dragon
 10981 | D:8      | Reached XP level 11. HP: 54/81 MP: 11/13
 11000 | D:8      | Killed Grum
 11036 | D:8      | Reached skill level 5 in Armour
 11117 | D:8      | Found a staircase to the Lair.
 11119 | D:8      | Received a gift from Okawaru
 11701 | D:8      | Found a white marble altar of Elyvilon.
 11742 | D:8      | Identified the +7 mace of Traps {venom, rPois rC+}
 11742 | D:8      | Noticed a centaur warrior
 11992 | D:8      | Reached ***** piety under Okawaru
 11993 | D:8      | Reached skill level 5 in Invocations
 12007 | D:7      | HP: 4/96 [centaur warrior/the +7 mace of Traps {venom,
                  | rPois rC+} (13)]
 12007 | D:7      | Mangled by a centaur warrior

Illustrated notes

Levels and vault maps discovered:
D:1:      amcnicky_arrival_choice, layout_loops_ring,
          shapermc_ecumenical_altar_mp_ritualfount, hangedman_decor_points,
          minmay_misc_feat_tower, chequers_serial_rivers_room_b
D:2:      layout_basic
D:3:      layout_basic, minmay_surrounded, uniq_jessica, uniq_sigmund
D:4:      layout_gridville, minmay_misc_feat_x, st_stairs_13, uniq_natasha
D:5:      layout_layer_cave, gammafunk_temple_of_torment, uniq_duvessa
D:6:      lemuel_castle_with_subvaults [lemuel_castle_interior_carwin_2],
          layout_basic, minmay_temple_entry_statues_fountains
D:7:      layout_loops_cross, minmay_overflow_temple_star_quad, kennysheep_mini,
          uniq_pikel
D:8:      minmay_the_grid_octo_tiled_squarecenter
          [minmay_the_grid_octo_concentric, minmay_the_grid_octo_chip,
          minmay_the_grid_octo_checkerflower, minmay_the_grid_octo_fan_narrow,
          minmay_the_grid_square_5x5_megaprize_checkered,
          minmay_the_grid_square_5x5_moneybag,
          minmay_the_grid_square_5x5_three_walls,
          minmay_the_grid_square_5x5_six, minmay_the_grid_square_5x5_corner],
          layout_rooms, dreamdust_divine_triumvirate,
          nicolae_dithmenos_the_darkroom, erik_lair_dragon, serial_bayou,
          serial_bayou_pond_c, serial_bayou_ford_a, serial_bayou_shore_b,
          serial_bayou_pond_d, serial_bayou_pond_d, minivault_5, uniq_grum
Temple:   hc_temple_tempest_star

Skill      XL: |  1  2  3  4  5  6  7  8  9 10 11 |
---------------+----------------------------------+-----
Fighting       | 4 5 6 7 8 10 12 | 12.7
Staves         | 3 4 5 6 7 9 11 | 11.5
Invocations    | 2 5 |  5.0
Armour         | 4 5 |  5.8
Shields        | |  4.0

Action                   |  1- 3 |  4- 6 |  7- 9 | 10-12 || total
-------------------------+-------+-------+-------+-------++-------
Melee: Quarterstaff      |    64 |    84 |   401 |   392 ||   941
       Unarmed           |       |     1 |       |       ||     1
 Abil: Dig               |       |     1 |     5 |     3 ||     9
       Shaft Self        |       |       |     1 |       ||     1
Evoke: Wand              |       |       |     3 |     1 ||     4
  Use: Scroll            |       |     3 |    17 |     3 ||    23
       Potion            |       |       |     1 |     2 ||     3
 Stab: Paralysed         |       |       |       |     5 ||     5
Armor: Scale mail        |    27 |    29 |   199 |   193 ||   448
Dodge: Dodged            |    17 |    28 |   131 |   120 ||   296
Block: Buckler           |    13 |    31 |   114 |    79 ||   237
